 Dungeon Crawl Stone Soup version 0.32-a0-779-g362cfcae2a (webtiles) character file.

Game seed: 18002911120574272968

54 PriceMaster the Firebug (level 3, -1/26 HPs)
             Began as a Demonspawn Fire Elementalist on Mar 20, 2024.
             Slain by a giant cockroach (2 damage)
             ... on level 2 of the Dungeon.
             The game lasted 00:01:45 (1175 turns).

PriceMaster the Firebug (DsFE)                      Turns: 1175, Time: 00:01:46

Health: -1/26      AC:  2    Str: 10    XL:     3   Next: 66%
Magic:  0/6        EV: 11    Int: 15    God:
Gold:   33         SH:  0    Dex: 13    Spells: 4/7 levels left

rFire   + . .        (no weapon)
rCold   + . .        (no shield)
rNeg    . . .        a - +0 robe
rPois   +            (no helmet)
rElec   +            (no cloak)
rCorr   +            (no gloves)
SInv    .            (no boots)
Will    .....        (no amulet)
Stlth   ++           (no ring)
HPRegen 0.24/turn    (no ring)
MPRegen 0.10/turn

%: no passive effects
@: resistant
A: weakness stinger 1
a: no special abilities


You were on level 2 of the Dungeon.
You visited 1 branch of the dungeon, and saw 2 of its levels.

You collected 33 gold pieces.

Inventory:

Hand Weapons
 e - a +0 sling
Armour
 a - a +0 robe (worn)
Scrolls
 c - a scroll of fog {unknown}
 d - a scroll of teleportation {unknown}
 f - a scroll of enchant weapon {unknown}
 h - a scroll of enchant armour {unknown}


   Skills:
 + Level 1.0 Fighting
 + Level 1.8 Dodging
 + Level 1.8 Stealth
 + Level 0.1 Unarmed Combat
 + Level 2.6 Spellcasting
 + Level 1.4 Conjurations
 + Level 3.3 Fire Magic


You had 4 spell levels left.
You knew the following spells:

 Your Spells              Type           Power      Damage    Failure   Level
a - Foxfire               Conj/Fire      36%        2x1d5     8%          1
b - Scorch                Fire           24%        2d6       8%          2

Your spell library contained the following spells:

 Spells                   Type           Power      Damage    Failure   Level
 Inner Flame              Hex/Fire       7%         N/A       30%         3
 Volatile Blastmotes      Fire/Tloc      14%        2d11      30%         3
 Flame Wave               Conj/Fire      9%         2d6       61%         4


Dungeon Overview and Level Annotations

Branches:
Dungeon (2/15)

Altars:

Shops:
D:1 [?


Innate Abilities, Weirdness & Mutations

You have a small tail.


Message History

You conjure some foxfire!
The giant cockroach waves its antennae.
The giant cockroach closely misses you. The orc closely misses you. x2
Casting: Foxfire (safe; 9% risk of failure)
Confirm with . or Enter, or press ? or * to list all spells.
Flames lash the orc priest.
You kill the orc priest!
The foxfire hits the orc but does no damage. x2
The orc is almost dead.
The giant cockroach bites you but does no damage.
The giant cockroach barely misses you. The orc barely misses you.
The orc closely misses you.
Your Fighting skill increases to level 1!
You have reached level 3!
Your experience leads to an increase in your attributes!
Increase (S)trength, (I)ntelligence, or (D)exterity?
You feel stronger. x2
Casting: Scorch (safe; 8% risk of failure)
Confirm with . or Enter, or press ? or * to list all spells.
You don't have enough magic to cast this spell.
Unknown command.
The orc attacks as it pursues you! The orc barely misses you.
You hit the orc but do no damage.
The orc is almost dead.
The orc is no longer more vulnerable to fire.
The giant cockroach closely misses you.
You hit the orc but do no damage.
The orc is almost dead.
The orc closely misses you. The orc barely misses you.
The giant cockroach barely misses you.
It was a potion of resistance.
You feel protected. The orc closely misses you.
The orc hits you with a +0 whip. The giant cockroach barely misses you.
You hit the orc but do no damage.
The orc is severely wounded.
The giant cockroach bites you. The orc hits you with a +0 mace!
* * * LOW HITPOINT WARNING * * *
The orc hits you but does no damage. The giant cockroach bites you.
You die...

#. #.##.....##
#.#
.##.#.......##
#...
............#
...B.
...........+
...##
#.........#
o.. #.......#
#!####..o..#
#.).<).Boo#
#.######@##
... #.# ###.
... #. ##.##
#. ... #. ...
#. ... ##.##


You could see 3 orcs and a giant cockroach.

Vanquished Creatures
  An orc priest (D:2)
  A gnoll (D:1)
  A dart slug (D:1)
  An orc (D:2)
  2 endoplasms (D:1)
  A hobgoblin (D:1)
  A kobold (D:1)
  3 ball pythons (D:1)
  A bat (D:1)
  2 goblins (D:1)
  2 rats (D:1)
16 creatures vanquished.

Vanquished Creatures (others)
  36 foxfires
36 creatures vanquished.

Grand Total: 52 creatures vanquished

Notes
Turn   | Place    | Note
-------+----------+-------------------------------------------
     0 | D:1      | PriceMaster the Demonspawn Fire Elementalist began the
                  | quest for the Orb.
     0 | D:1      | Reached XP level 1. HP: 13/13 MP: 3/3
   406 | D:1      | Found Tasig's Antique Armour Emporium.
   438 | D:1      | Reached skill level 3 in Fire Magic
   438 | D:1      | Discovered your monstrous ancestry.
   438 | D:1      | Gained mutation: You have a small tail. [demonic ancestry]
   438 | D:1      | Reached XP level 2. HP: 12/20 MP: 0/5
   521 | D:1      | Learned a level 2 spell: Scorch
   594 | D:1      | Found Zac Qamoipha's Magic Scroll Shoppe.
   656 | D:1      | Found a faded altar of an unknown god.
  1171 | D:2      | Reached skill level 1 in Fighting
  1171 | D:2      | Reached XP level 3. HP: 14/26 MP: 0/6
  1175 | D:2      | HP: 1/26 [orc/+0 mace (7)]
  1175 | D:2      | Slain by a giant cockroach

Illustrated notes

Levels and vault maps discovered:
D:1:      matt_arrival_refuge, layout_loops_ring,
          hellmonk_ecumenical_altar_leap_of_faith, serial_shops, shop,
          nicolae_shop_pleasant_corner_grove
D:2:      layout_loops_corners, basic_altar

Skill      XL: |  1  2 |
---------------+-------+-----
Fire Magic     | 3 |  3.3
Fighting       | 1 |  1.0
Dodging        | |  1.8
Stealth        | |  1.8
Unarmed Combat | |  0.1
Spellcasting   | |  2.6
Conjurations   | |  1.4

Action                     || total
---------------------------++-------
  Melee: Unarmed           ||    18
   Cast: Foxfire           ||    23
         Scorch            ||     9
    Use: Potion            ||     3
 Armour: Robe              ||    21
  Dodge: Dodged            ||    29

Table legend: (Time is in decaauts)
 A = Elapsed time spent in this place.
 B = Non-inter-level travel time spent in this place.
 C = Inter-level travel time spent in this place.
 D = Time resting spent in this place.
 E = Time spent auto-exploring this place.
 F = Levels seen in this place.
 G = Mean time per level.
                   A        B        C        D        E       F      G
               +--------+--------+--------+--------+--------+-----+--------+
         Total |   1174 |   1166 |      8 |     53 |    986 |   2 |  587.0 |
       Dungeon |   1174 |   1166 |      8 |     53 |    986 |   2 |  587.0 |
               +--------+--------+--------+--------+--------+-----+--------+

Top non-repeatable levels by time:
     D:1: 1155 daAuts
     D:2: 19 daAuts
